TOP OF THE 1ST |
Cincinnati Reds batting - Pitching for Los Angeles Dodgers : RHP Mike Scott
|
Pitching: RHP Mike Scott
|
|
Batting: RHB Gary Matthews
|
0-0: Called Strike 0-1: Ball 1-1: Ball 2-1: Foul Ball, location: 2F 2-2: Foul Ball, location: 2F 2-2: Strikes out swinging
|
Batting: LHB Joseph Talley
|
0-0: Called Strike 0-1: Ball 1-1: Ball 2-1: Foul Ball, location: 2F 2-2: Strikes out swinging
|
Batting: LHB Mike Easler
|
0-0: Foul Ball, location: 2F 0-1: Called Strike 0-2: Ball 1-2: Strikes out swinging
|
Top of the 1st over - 0 runs, 0 hits, 0 errors, 0 left on base; Cincinnati 0 - Los Angeles 0 |
BOTTOM OF THE 1ST |
Los Angeles Dodgers batting - Pitching for Cincinnati Reds : RHP Tony Guzman
|
Pitching: RHP Tony Guzman
|
|
Batting: RHB Billy Sample
|
0-0: Called Strike 0-1: Called Strike 0-2: Ball 1-2: Ball 2-2: Ball 3-2: Foul Ball, location: 2F 3-2: Ground out 6-3 (Groundball, 6S, EV 65.6 MPH)
|
Batting: RHB Carney Lansford
|
0-0: Ground out 5-3 (Groundball, 56S, EV 65.0 MPH)
|
Batting: RHB Dick Davis
|
0-0: Called Strike 0-1: Called Strike 0-2: Ground out 4-3 (Groundball, 4M, EV 89.4 MPH)
|
Bottom of the 1st over - 0 runs, 0 hits, 0 errors, 0 left on base; Cincinnati 0 - Los Angeles 0 |
TOP OF THE 2ND |
Cincinnati Reds batting - Pitching for Los Angeles Dodgers : RHP Mike Scott
|
Batting: RHB Bill Melton
|
0-0: Ball 1-0: Ball 2-0: Fly out, F8 (Flyball, 8RS, EV 93.1 MPH)
|
Batting: LHB Darrell Evans
|
0-0: Ball 1-0: Called Strike 1-1: Swinging Strike 1-2: Ball 2-2: Ground out 6-3 (Groundball, 6, EV 79.4 MPH)
|
Batting: RHB John Malkin
|
0-0: Ball 1-0: Called Strike 1-1: Foul Ball, location: 2F 1-2: Ground out 3-1 (Groundball, 34, EV 81.3 MPH)
|
Top of the 2nd over - 0 runs, 0 hits, 0 errors, 0 left on base; Cincinnati 0 - Los Angeles 0 |
BOTTOM OF THE 2ND |
Los Angeles Dodgers batting - Pitching for Cincinnati Reds : RHP Tony Guzman
|
Batting: RHB Jerry Keller
|
0-0: Ball 1-0: Ball 2-0: Foul Ball, location: 2F 2-1: Foul Ball, location: 2F 2-2: Ball 3-2: Base on Balls
|
Batting: RHB Gary Gaetti
|
0-0: Called Strike 0-1: Swinging Strike 0-2: Grounds into double play, 4-6-3 (Groundball, 4, EV 99.4 MPH)
|
Batting: SHB Chris W Smith
|
0-0: Ball 1-0: Ball 2-0: Swinging Strike 2-1: Swinging Strike 2-2: Ball 3-2: Fly out, F8 (Flyball, 78XD, EV 96.9 MPH)
|
Bottom of the 2nd over - 0 runs, 0 hits, 0 errors, 0 left on base; Cincinnati 0 - Los Angeles 0 |
TOP OF THE 3RD |
Cincinnati Reds batting - Pitching for Los Angeles Dodgers : RHP Mike Scott
|
Batting: RHB Jim Anderson
|
0-0: Foul Ball, location: 2F 0-1: Ball 1-1: Ball 2-1: Foul Ball, location: 2F 2-2: Strikes out swinging
|
Batting: RHB Jesus Alfaro
|
0-0: Called Strike 0-1: Foul Ball, location: 2F 0-2: Ball 1-2: Ball 2-2: Strikes out swinging
|
Batting: RHB Tony Guzman
|
0-0: Ball 1-0: Foul Ball, location: 2F 1-1: Fly out, F7 (Flyball, 7, EV 89.4 MPH)
|
Top of the 3rd over - 0 runs, 0 hits, 0 errors, 0 left on base; Cincinnati 0 - Los Angeles 0 |
BOTTOM OF THE 3RD |
Los Angeles Dodgers batting - Pitching for Cincinnati Reds : RHP Tony Guzman
|
Batting: RHB Toby Harrah
|
0-0: Swinging Strike 0-1: Ball 1-1: Swinging Strike 1-2: Ball 2-2: Fly out, F8 (Flyball, 8LD, EV 90.0 MPH)
|
Batting: RHB Roberto Reyes
|
0-0: Ground out 6-3 (Groundball, 6, EV 76.9 MPH)
|
Batting: RHB Mike Scott
|
0-0: Called Strike 0-1: Foul Ball, location: 2F 0-2: Strikes out swinging
|
Bottom of the 3rd over - 0 runs, 0 hits, 0 errors, 0 left on base; Cincinnati 0 - Los Angeles 0 |
TOP OF THE 4TH |
Cincinnati Reds batting - Pitching for Los Angeles Dodgers : RHP Mike Scott
|
Batting: RHB Gary Matthews
|
0-0: Bunt for hit to 25 - play at first, batter OUT! 5-3
|
Batting: LHB Joseph Talley
|
0-0: Ball 1-0: Called Strike 1-1: Foul Ball, location: 2F 1-2: Ball 2-2: Ball 3-2: Base on Balls
|
Batting: LHB Mike Easler
|
0-0: Called Strike 0-1: Ball 1-1: Fly out, F8 (Flyball, 8RS, EV 86.3 MPH)
|
Batting: RHB Bill Melton
|
0-0: Ball 1-0: Swinging Strike 1-1: Fly out, F4 (Popup, 4M, EV 51.3 MPH)
|
Top of the 4th over - 0 runs, 0 hits, 0 errors, 1 left on base; Cincinnati 0 - Los Angeles 0 |
BOTTOM OF THE 4TH |
Los Angeles Dodgers batting - Pitching for Cincinnati Reds : RHP Tony Guzman
|
Batting: RHB Billy Sample
|
0-0: Foul Ball, location: 2F 0-1: Ball 1-1: Fly out, F8 (Flyball, 78D, EV 79.4 MPH)
|
Batting: RHB Carney Lansford
|
0-0: Ball 1-0: Foul Ball, location: 2F 1-1: Called Strike 1-2: Ball 2-2: Strikes out swinging
|
Batting: RHB Dick Davis
|
0-0: Foul Ball, location: 2F 0-1: Swinging Strike 0-2: Fly out, F7 (Line Drive, 7, EV 88.8 MPH)
|
Bottom of the 4th over - 0 runs, 0 hits, 0 errors, 0 left on base; Cincinnati 0 - Los Angeles 0 |
TOP OF THE 5TH |
Cincinnati Reds batting - Pitching for Los Angeles Dodgers : RHP Mike Scott
|
Batting: LHB Darrell Evans
|
0-0: Ball 1-0: Ground out 6-3 (Groundball, 6, EV 83.8 MPH)
|
Batting: RHB John Malkin
|
0-0: SINGLE (Groundball, 4MD, EV 93.8 MPH)
|
Batting: RHB Jim Anderson
|
0-0: SINGLE (Groundball, 6MD, EV 94.4 MPH) John Malkin to second Runner from 2nd tries for 3rd, SAFE, throw by CF made to third Jim Anderson to second
|
Batting: RHB Jesus Alfaro
|
0-0: Intentional Walk
|
Batting: RHB Tony Guzman
|
0-0: Ball 1-0: Swinging Strike 1-1: Swinging Strike 1-2: Ball 2-2: Strikes out swinging
|
Batting: RHB Gary Matthews
|
0-0: Ball 1-0: Called Strike 1-1: Ball 2-1: Swinging Strike 2-2: Ball 3-2: Strikes out swinging
|
Top of the 5th over - 0 runs, 2 hits, 0 errors, 3 left on base; Cincinnati 0 - Los Angeles 0 |
BOTTOM OF THE 5TH |
Los Angeles Dodgers batting - Pitching for Cincinnati Reds : RHP Tony Guzman
|
Batting: RHB Jerry Keller
|
0-0: Called Strike 0-1: Ball 1-1: Foul Ball, location: 2F 1-2: Foul Ball, location: 2F 1-2: Foul Ball, location: 2F 1-2: Ball 2-2: SINGLE (Groundball, 34D, EV 96.3 MPH)
|
Batting: RHB Gary Gaetti
|
0-0: Called Strike 0-1: Ball 1-1: Ball 2-1: Fly out, F6 (Popup, 6D, EV 49.4 MPH)
|
Batting: SHB Chris W Smith
|
0-0: Foul Ball, location: 2F 0-1: Called Strike 0-2: Strikes out swinging
|
Batting: RHB Toby Harrah
|
0-0: Swinging Strike 0-1: Ball 1-1: Ball 2-1: Foul Ball, location: 2F 2-2: Ball 3-2: Fly out, F9 (Line Drive, 9D, EV 95.0 MPH)
|
Bottom of the 5th over - 0 runs, 1 hit, 0 errors, 1 left on base; Cincinnati 0 - Los Angeles 0 |
TOP OF THE 6TH |
Cincinnati Reds batting - Pitching for Los Angeles Dodgers : RHP Mike Scott
|
Batting: LHB Joseph Talley
|
0-0: Foul Ball, location: 2F 0-1: Ball 1-1: Ball 2-1: Foul Ball, location: 2F 2-2: Ball 3-2: SINGLE (Flyball, 8RS, EV 96.3 MPH)
|
Batting: LHB Mike Easler
|
0-0: Ball Joseph Talley steals 2nd base 1-0: Foul Ball, location: 2F 1-1: Ball 2-1: Foul Ball, location: 2F 2-2: Ground out U3 (Groundball, 3L, EV 111.3 MPH) Joseph Talley to third
|
Batting: RHB Bill Melton
|
0-0: Called Strike 0-1: SINGLE (Line Drive, 4M, EV 103.8 MPH) Joseph Talley scores
|
Batting: LHB Darrell Evans
|
0-0: Ball 1-0: Swinging Strike 1-1: Foul Ball, location: 2F 1-2: Ball 2-2: Ball 3-2: Foul Ball, location: 2F 3-2: Fly out, F7 (Flyball, 78M, EV 88.8 MPH)
|
Batting: RHB John Malkin
|
0-0: Called Strike 0-1: Ball 1-1: Swinging Strike 1-2: Ball 2-2: DOUBLE (Line Drive, 9LM, EV 105.6 MPH) Bill Melton to third Runner from 3rd tries for Home, SAFE, throw by RF to trailing runner, OUT at third! 9-3-5
|
Top of the 6th over - 2 runs, 3 hits, 0 errors, 0 left on base; Cincinnati 2 - Los Angeles 0 |
BOTTOM OF THE 6TH |
Los Angeles Dodgers batting - Pitching for Cincinnati Reds : RHP Tony Guzman
|
Batting: RHB Roberto Reyes
|
0-0: Fly out, F8 (Line Drive, 8LM, EV 93.8 MPH)
|
Batting: RHB Mike Scott
|
0-0: SINGLE (Groundball, 4MD, EV 101.9 MPH)
|
Batting: RHB Billy Sample
|
0-0: Called Strike 0-1: Foul Ball, location: 2F 0-2: Strikes out swinging
|
Batting: RHB Carney Lansford
|
0-0: SINGLE (Groundball, 6D, EV 108.8 MPH) Mike Scott to second
|
Batting: RHB Dick Davis
|
0-0: Ball 1-0: Called Strike 1-1: Foul Ball, location: 2F 1-2: Foul Ball, location: 2F 1-2: Ball 2-2: Strikes out swinging
|
Bottom of the 6th over - 0 runs, 2 hits, 0 errors, 2 left on base; Cincinnati 2 - Los Angeles 0 |
TOP OF THE 7TH |
Cincinnati Reds batting - Pitching for Los Angeles Dodgers : RHP Mike Scott
|
Batting: RHB Jim Anderson
|
0-0: Ball 1-0: Ball 2-0: Foul Ball, location: 2F 2-1: Ground out 1-3 (Groundball, 13, EV 65.0 MPH)
|
Batting: RHB Jesus Alfaro
|
0-0: Called Strike 0-1: Foul Ball, location: 2F 0-2: Ball 1-2: Ball 2-2: Foul Ball, location: 2F 2-2: Foul Ball, location: 2F 2-2: Ball 3-2: Foul Ball, location: 2F 3-2: Foul Ball, location: 2F 3-2: Ground out 5-3 (Groundball, 5L, EV 81.9 MPH)
|
Batting: RHB Tony Guzman
|
0-0: Called Strike 0-1: Called Strike 0-2: Ball 1-2: Strikes out swinging
|
Top of the 7th over - 0 runs, 0 hits, 0 errors, 0 left on base; Cincinnati 2 - Los Angeles 0 |
BOTTOM OF THE 7TH |
Los Angeles Dodgers batting - Pitching for Cincinnati Reds : RHP Tony Guzman
|
Batting: RHB Jerry Keller
|
0-0: Called Strike 0-1: Swinging Strike 0-2: Ball 1-2: Ball 2-2: Foul Ball, location: 2F 2-2: Strikes out swinging
|
Batting: RHB Gary Gaetti
|
0-0: Ball 1-0: Ball 2-0: Called Strike 2-1: Fly out, F9 (Flyball, 9D, EV 93.8 MPH)
|
Batting: SHB Chris W Smith
|
0-0: Ball 1-0: Fly out, F7 (Flyball, 7LM, EV 93.8 MPH)
|
Bottom of the 7th over - 0 runs, 0 hits, 0 errors, 0 left on base; Cincinnati 2 - Los Angeles 0 |
TOP OF THE 8TH |
Cincinnati Reds batting - Pitching for Los Angeles Dodgers : RHP Mike Scott
|
Batting: RHB Gary Matthews
|
0-0: Ball 1-0: Ground out 6-3 (Groundball, 6S, EV 69.4 MPH)
|
Batting: LHB Joseph Talley
|
0-0: Ball 1-0: Foul Ball, location: 2F 1-1: SINGLE (Groundball, 4D, EV 93.8 MPH)
|
Batting: LHB Mike Easler
|
0-0: Called Strike 0-1: Called Strike 0-2: Foul Ball, location: 2F 0-2: SINGLE (Line Drive, 89S, EV 110.6 MPH) Joseph Talley to second
|
Batting: RHB Bill Melton
|
0-0: Called Strike 0-1: Ball 1-1: Swinging Strike 1-2: Strikes out looking
|
Batting: LHB Darrell Evans
|
0-0: Ball 1-0: Foul Ball, location: 2F 1-1: Foul Ball, location: 2F 1-2: Strikes out swinging
|
Top of the 8th over - 0 runs, 2 hits, 0 errors, 2 left on base; Cincinnati 2 - Los Angeles 0 |
BOTTOM OF THE 8TH |
Los Angeles Dodgers batting - Pitching for Cincinnati Reds : RHP Tony Guzman
|
Batting: RHB Toby Harrah
|
0-0: Ball 1-0: Fly out, F2 (Popup, 23F, EV 86.9 MPH)
|
Batting: RHB Roberto Reyes
|
0-0: Ball 1-0: Ball 2-0: Ball 3-0: Called Strike 3-1: Base on Balls
|
Pinch Hitting: LHB Ronald Jackson
|
0-0: Ball 1-0: Ball 2-0: Ball 3-0: Base on Balls Roberto Reyes to second
|
Batting: RHB Billy Sample
|
0-0: Called Strike 0-1: Ball 1-1: SINGLE (Line Drive, 78S, EV 107.5 MPH) Roberto Reyes to third Ronald Jackson to second Runner from 3rd tries for Home, SAFE, throw by CF to home
|
Pitching: RHP Jay Dillard
|
|
Now in RF: Nick Deurloo
|
|
Batting: RHB Carney Lansford
|
0-0: Ball Ronald Jackson steals 3rd base 1-0: Ball 2-0: Ball 3-0: Called Strike 3-1: Foul Ball, location: 2F 3-2: Foul Ball, location: 2F 3-2: SINGLE (Flyball, 78S, EV 98.1 MPH) Ronald Jackson scores Billy Sample to second
|
Batting: RHB Dick Davis
|
0-0: Ball 1-0: SINGLE (Line Drive, 89S, EV 93.1 MPH) Billy Sample to third Carney Lansford to second Runner from 3rd tries for Home, SAFE, throw by RF to home
|
Batting: RHB Jerry Keller
|
0-0: Called Strike Carney Lansford steals 3rd base Dick Davis to second 0-1: Ball 1-1: Intentional Walk
|
Batting: RHB Gary Gaetti
|
0-0: SINGLE (Groundball, 4MD, EV 94.4 MPH) Carney Lansford scores Dick Davis to third Jerry Keller to second Runner from 3rd tries for Home, SAFE, throw by CF to home
|
Batting: SHB Chris W Smith
|
0-0: Fielders Choice at 2nd, 3-6 (Groundball, 34, EV 103.8 MPH) Jerry Keller to third
|
Batting: RHB Toby Harrah
|
0-0: Foul Ball, location: 2F 0-1: Ball 1-1: Ball 2-1: Ball 3-1: Foul Ball, location: 2F 3-2: Ground out 6-3 (Groundball, 6M, EV 85.6 MPH)
|
Bottom of the 8th over - 5 runs, 4 hits, 0 errors, 2 left on base; Cincinnati 2 - Los Angeles 5 |
TOP OF THE 9TH |
Cincinnati Reds batting - Pitching for Los Angeles Dodgers : RHP Mike Scott
|
Pitching: RHP Steve Foucault
|
|
Now at 2B: Damaso Garcia
|
|
Batting: RHB John Malkin
|
0-0: Ball 1-0: Foul Ball, location: 2F 1-1: Ball 2-1: Called Strike 2-2: Strikes out swinging
|
Batting: RHB Jim Anderson
|
0-0: Ball 1-0: Ball 2-0: Swinging Strike 2-1: Ground out 6-3 (Groundball, 6S, EV 88.8 MPH)
|
Batting: RHB Jesus Alfaro
|
0-0: Called Strike 0-1: Foul Ball, location: 2F 0-2: Ball 1-2: Foul Ball, location: 2F 1-2: Foul Ball, location: 2F 1-2: Foul Ball, location: 2F 1-2: Ball 2-2: Strikes out swinging
|
Top of the 9th over - 0 runs, 0 hits, 0 errors, 0 left on base; Cincinnati 2 - Los Angeles 5 |
|